 Dungeon Crawl Stone Soup version 0.18-a0-1292-ge8ad84c (webtiles) character file.

22 ololoev the Magician (level 2, 6/15 HPs)
             Began as a Deep Elf Fire Elementalist on Feb 9, 2016.
             Quit the game on level 2 of the Dungeon.
             The game lasted 00:01:39 (240 turns).

ololoev the Magician (Deep Elf Fire Elementalist)    Turns: 240, Time: 00:01:39

Health: 6/15       AC:  2    Str:  5    XL:     2   Next: 68%
Magic:  8/8        EV: 13    Int: 19    God:
Gold:   17         SH:  0    Dex: 15    Spells: 1 memorised, 7 levels left

rFire  . . .     SeeInvis .     (no weapon)
rCold  . . .     Gourm    .     a - +0 robe
rNeg   . . .     Faith    .     (no shield)
rPois  .         Spirit   .     (no helmet)
rElec  .         Dismiss  .     (no cloak)
rCorr  .         Reflect  .     (no gloves)
SustAt .         Harm     .     (no boots)
MR     .....                    (no amulet)
Stlth  ++........               (no ring)
                                (no ring)

@: not resistant to hostile enchantments, unstealthy
A: no striking features
a: no special abilities

Inventory:

Armour
 a - a +0 robe (worn)
Scrolls
 e - a scroll of blinking {unknown}
Potions
 d - a potion of degeneration {unknown}
Books
 b - a book of Flames

   Spells                             Type                      Level
   a - Flame Tongue                   Conjuration/Fire             1
   b - Throw Flame                    Conjuration/Fire             2
   c - Conjure Flame                  Conjuration/Fire             3
   d - Inner Flame                    Hexes/Fire                   3
   e - Sticky Flame                   Conjuration/Fire             4
   f - Fireball                       Conjuration/Fire             5
Comestibles
 c - 2 bread rations


   Skills:
 - Level 2.4 Dodging
 - Level 2.4 Stealth
 + Level 3.5 Spellcasting
 * Level 2.1 Conjurations
 + Level 3.5 Fire Magic


You had 7 spell levels left.
You knew the following spells:

 Your Spells              Type           Power        Failure   Level  Hunger
a - Flame Tongue          Conj/Fire      ##...        6%          1    None


You were on level 2 of the Dungeon.
You were not hungry.

You visited 1 branch of the dungeon, and saw 3 of its levels.

You collected 17 gold pieces.

###############
.......@.......
#.#####.#######
... #....
#.##.. .. ...
.. .... #..
#.##

Notes
Turn   | Place    | Note
--------------------------------------------------------------
     0 | D:1      | ololoev the Deep Elf Fire Elementalist began the quest for the Orb.
     0 | D:1      | Reached XP level 1. HP: 10/10 MP: 6/6
    43 | D:2      | Reached XP level 2. HP: 15/15 MP: 2/8
   228 | D:3      | Noticed Ijustatesigmund's ghost (amateur DsFi)
   240 | D:2      | Quit the game

Dungeon Overview and Level Annotations

Branches:
Dungeon (3/15)

Altars:

Annotations:
D:3 Ijustatesigmund's ghost, amateur DsFi


Message History

Casting: Flame Tongue
Confirm with . or Enter, or press ? or * to list all spells.
Aiming: Flame Tongue
Press: ? - help, Shift-Dir - straight line, f/p - worm
Aim: a worm (severely wounded)
The flame tongue hits the worm.
You kill the worm!
Casting: Flame Tongue
Confirm with . or Enter, or press ? or * to list all spells.
Aiming: Flame Tongue
Press: ? - help, Shift-Dir - straight line, f - kobold
Aim: a kobold (resting)
The flame tongue hits the kobold.
You kill the kobold!
Found a smoky emerald potion.
d - a smoky emerald potion
Found a stone staircase leading down.
Found 17 stones.
There is a stone staircase leading down here.
You climb downwards.
Found a scroll labeled ATUS COCENUO.
Found a stone staircase leading down.
There is a stone staircase leading up here.
Found a green potion.
There is a stone staircase leading down here.
e - a scroll labeled ATUS COCENUO The orc shouts!
Found 9 gold pieces.
Ijustatesigmund's ghost (amateur Demonspawn Fighter) comes into view.
Found a stone staircase leading up.
Found 19 stones.
The orc priest looks braver for a moment.
The orc priest invokes the aid of Beogh against you.
Something smites you!
Ouch! That really hurt!
Found 7 gold pieces.
Ijustatesigmund's ghost turns its malevolent gaze towards you.
There is a stone staircase leading up here.
You climb upwards.
There is a stone staircase leading down here.
Are you sure you want to abandon this character and quit the game? (Confirm with "yes".)

There were no monsters in sight!

Vanquished Creatures
  An adder (D:2)
  A worm (D:2)
  An orc (D:3)
  3 hobgoblins
  A kobold (D:2)
  2 bats
  A rat (D:2)
10 creatures vanquished.

Action                   || total
-------------------------++-------
Melee: Unarmed           ||     6
 Cast: Flame Tongue      ||    18

Vault maps used:
D:1:      lemuel_arrival_funnel, st_stairs_8, serial_bayou_pond_c
D:3:      first_bread, ecumenical_altar_1, roderic_roman_lattice
